 Dungeon Sprint DCSS version 0.17-a0-1150-g17b0b87 (webtiles) character file.

445 nuthulu the Grappler (level 6, -1/75 HPs)
             Began as a Troll Berserker on May 27, 2015.
             Was a Priest of Trog.
             Asphyxiated
             ... in the Dungeon (Sprint I: "Red Sonja").
             The game lasted 00:01:44 (177 turns).

nuthulu the Grappler (Troll Berserker)               Turns: 177, Time: 00:01:44

Health: -1/75      AC:  5    Str: 27    XL:     6   Next: 72%
Magic:  5/5        EV: 10    Int:  3    God:    Trog [***...]
Gold:   297        SH:  0    Dex: 10    Spells: 0 memorised, 5 levels left

rFire  . . .     SeeInvis .       - Unarmed
rCold  . . .     Clarity  .     a - +0 animal skin
rNeg   . . .     SustAt   .     (no shield)
rPois  .         Gourm    +     (helmet restricted)
rElec  .         Spirit   .     (no cloak)
rCorr  .         Warding  .     (gloves unavailable)
rMut   .         NoTele   +     (boots unavailable)
MR     .....                    (no amulet)
Stlth  +.........               (no ring)
                                (no ring)

@: lethally poisoned (-1 -> -14), exhausted, slowed, very slow, not resistant to
hostile enchantments, very unstealthy
A: unfitting armour, claws 3, fast metabolism 3, gourmand, regeneration 2,
shaggy fur 1, tough skin 2
a: Burn Spellbooks, Berserk, Trog's Hand, Renounce Religion


You were in the Dungeon.
You worshipped Trog.
Trog was most pleased with you.
You were not hungry.

You visited 1 branch You collected 297 gold pieces.

Inventory:

Armour
 a - a +0 animal skin (worn)
Scrolls
 h - a scroll of blinking
Potions
 e - a potion of haste
 f - 2 potions of magic
 g - a potion of berserk rage
Comestibles
 b - 2 bread rations


   Skills:
 * Level 9.0 Fighting
 - Level 2.4 Dodging
 * Level 10.7 Unarmed Combat


You had 5 spell levels left.
You didn't know any spells.

Dungeon Overview and Level Annotations

Branches:
Dungeon (1/1)

Altars:
Elyvilon
Gozag
Kikubaaqudgha
Makhleb
Nemelex Xobeh
Okawaru
Qazlal
Ru
Sif Muna
Trog
Vehumet
Xom
Yredelemnul
Zin
The Shining One

Shops:
D :

Annotations:
D Sonja


Innate Abilities, Weirdness & Mutations

You are too large for most types of armour.
You have claws for hands.
Your metabolism is lightning-fast.
You like to eat raw meat.
You heal very quickly.
You are covered in fur (AC +1).
You have very tough skin (AC +2).


Message History

Sonja is almost dead.
You feel sick. Sonja hits you with a blowgun!
* * * LOW HITPOINT WARNING * * *
Sonja hits you with a blowgun.
* * * LOW HITPOINT WARNING * * *
Sonja hits you with a blowgun.
* * * LOW HITPOINT WARNING * * *
Sonja mumbles some strange words.
Sonja blinks!
You feel sick.
Sonja shoots a curare-tipped needle.
The curare-tipped needle closely misses you.
Sonja mumbles some strange words.
Sonja looks slightly unstable.
There is a stormy altar of Qazlal, spattered with blood here.
You see here a curare-tipped needle.
You feel sick.
Sonja shoots a curare-tipped needle.
The curare-tipped needle hits you.
You are lethally poisoned!
You have difficulty breathing.
You die...

################
#<.#..').#..'..#
#..'..#..').#..+
#..#####'#####'#
#..####..#...#.#
#..#__####..##[#
#..#_..__##'#..+
#⌠⌠#_(∩.(.(.(._#
####_..@_##_.#+#
#K____###'#
####### #.# $.$
$.$# #.## #+#


You could see Sonja (bleeding).

Vanquished Creatures
  Sigmund (D)
  A yak (D)
  An ogre (D)
  Ijyb (D)
  A jelly (D)
5 creatures vanquished.

Notes
Turn   | Place    | Note
--------------------------------------------------------------
     0 | D        | nuthulu the Troll Berserker began the quest for the Orb.
     0 | D        | Reached XP level 1. HP: 22/22 MP: 0/0
     2 | D        | Noticed Ijyb
    12 | D        | Killed Ijyb
    12 | D        | Reached skill level 4 in Fighting
    12 | D        | Reached skill level 5 in Unarmed Combat
    12 | D        | Reached XP level 2. HP: 29/32 MP: 1/1
    16 | D        | Noticed an ogre
    22 | D        | Killed an ogre
    22 | D        | Acquired Trog's second power
    22 | D        | Reached skill level 5 in Fighting
    22 | D        | Reached skill level 7 in Unarmed Combat
    22 | D        | Reached XP level 3. HP: 39/44 MP: 2/2
    22 | D        | Reached XP level 4. HP: 46/52 MP: 3/3
    39 | D        | Noticed Sigmund
    45 | D        | Killed Sigmund
    45 | D        | Reached skill level 9 in Unarmed Combat
    45 | D        | Reached XP level 5. HP: 36/63 MP: 4/4
    45 | D        | Reached XP level 6. HP: 41/72 MP: 5/5
   107 | D        | Found a deep blue altar of Sif Muna.
   108 | D        | Noticed a jelly
   112 | D        | Killed a jelly
   113 | D        | Found a radiant altar of Vehumet.
   135 | D        | Found Nozocvov's Book Emporium.
   135 | D        | Found a white marble altar of Elyvilon.
   135 | D        | Found a stormy altar of Qazlal.
   135 | D        | Found a basalt altar of Yredelemnul.
   135 | D        | Found an iron altar of Okawaru.
   135 | D        | Found a sparkling altar of Nemelex Xobeh.
   135 | D        | Found a shimmering altar of Xom.
   135 | D        | Found an ancient bone altar of Kikubaaqudgha.
   135 | D        | Noticed a yak
   141 | D        | Killed a yak
   141 | D        | Reached skill level 10 in Unarmed Combat
   142 | D        | Found a burning altar of Makhleb.
   142 | D        | Found a sacrificial altar of Ru.
   142 | D        | Found a glowing golden altar of the Shining One.
   142 | D        | Found an opulent altar of Gozag.
   142 | D        | Found a glowing silver altar of Zin.
   143 | D        | Found a bloodstained altar of Trog.
   157 | D        | Noticed Sonja
   177 | D        | Asphyxiated

Vault maps used:
D:        dungeon_sprint_1

Action                   |  1- 3 |  4- 6 || total
-------------------------+-------+-------++-------
Melee: Unarmed           |    14 |    16 ||    30
Invok: Berserk           |       |     1 ||     1
  Use: Potion            |       |     3 ||     3
       Scroll            |       |     1 ||     1
